 Dungeon Crawl Stone Soup version 0.28-a0-851-g8b9cc49659 (webtiles) character file.

Game seed: 9326844140156814335

119123 wakim the Brawler (level 16, -5/143 HPs)
             Began as a Ghoul Fighter on Nov 14, 2021.
             Was a High Priest of Okawaru.
             Killed by divine providence
             ... invoked by an orc priest
              (14 damage)
             ... on level 2 of the Orcish Mines.
             The game lasted 01:31:48 (29105 turns).

wakim the Brawler (Ghoul Fighter)                  Turns: 29105, Time: 01:31:49

Health: -5/143     AC: 33    Str: 26    XL:     16   Next: 78%
Magic:  20/24      EV: 10    Int:  5    God:    Okawaru [*****.]
Gold:   1790       SH: 16    Dex: 10    Spells: 15/15 levels left

rFire   + + .      SeeInvis +     - Unarmed
rCold   + + .      Faith    .   W - +0 kite shield
rNeg    + + +      Spirit   .   r - +1 plate armour of Qale {rF+ Slay+3}
rPois   ∞          Reflect  +   C - +2 helmet
rElec   .          Harm     .   j - +2 cloak {Stlth+}
rCorr   .          Rampage  +   L - +2 pair of gloves {Str+3}
Will    +....                   g - +2 pair of boots {rampage}
Stlth   ..........              X - amulet of reflection
HPRegen 0.00/turn               V - ring "Kicrir" {rF+ rC+ SInv Stlth+}
MPRegen 0.19/turn               h - +4 ring of slaying

@: heroic, finesse-ful, inhibited regen, studying Invocations
A: claws 1, cold resistance 1, negative energy resistance 3, inhibited
regeneration, torment resistance 2
a: Renounce Religion, Heroism, Finesse, Duel


You were on level 2 of the Orcish Mines.
You worshipped Okawaru.
Okawaru was extremely pleased with you.
You visited 4 branches of the dungeon, and saw 21 of its levels.
You also visited: Bailey and Ice Cave.

You collected 2048 gold pieces.
You spent 258 gold pieces at shops.

Inventory:

Hand Weapons
 b - a +3 broad axe of venom
 c - the +12 executioner's axe of Might {freeze, rC+ Str+2}
   (Okawaru gifted it to you in an ice cave)

   It freezes those it strikes, dealing additional cold damage.
   It can also slow down cold-blooded creatures.
   Str:       It affects your strength (+2).
   rC:        It protects you from cold.
 d - the +10 arbalest of the Spectre {freeze, *Corrode rPois rC++ SInv}
   (Okawaru gifted it to you in an ice cave)

   Any ammunition fired from it freezes those it strikes, dealing additional
   cold damage.
   It can also slow down cold-blooded creatures.
   rC:        It greatly protects you from cold.
   rPois:     It protects you from poison.
   SInv:      It lets you see invisible.
   *Corrode:  It may corrode you when you take damage.
Missiles
 a - 11 javelins
 e - 4 silver javelins
 f - 3 boomerangs
 i - 6 boomerangs of dispersal {=f!f}
 k - 57 poisoned darts (quivered)
 m - a curare-tipped dart {=f}
 n - 197 bolts
 q - 12 atropa-tipped darts
 s - 2 throwing nets {=f!f}
Armour
 g - a +2 pair of boots of rampaging (worn)
 j - a +2 cloak of stealth (worn)
 r - the +1 plate armour of Qale (worn) {rF+ Slay+3}
   (Okawaru gifted it to you on level 6 of the Lair of Beasts)

   Slay:      It affects your accuracy & damage with ranged weapons and melee
   (+3).
   rF:        It protects you from fire.
 C - a +2 helmet (worn)
 L - a +2 pair of gloves of strength (worn)
 M - a +2 chain mail of cold resistance
 W - a +0 kite shield (worn)
Jewellery
 h - a +4 ring of slaying (right hand)
 o - a ring of see invisible
 p - a +6 ring of dexterity
 Q - a ring of the Octopus King {Wiz AC+1 EV+1 Str+1 Int+1 Dex+1}
   (You found it on level 6 of the Lair of Beasts)

   [ring of wizardry]

   It improves your spell success rate.
   AC:        It affects your AC (+1).
   EV:        It affects your evasion (+1).
   Str:       It affects your strength (+1).
   Int:       It affects your intelligence (+1).
   Dex:       It affects your dexterity (+1).
 V - the ring "Kicrir" (left hand) {rF+ rC+ SInv Stlth+}
   (You found it on level 6 of the Lair of Beasts)

   [ring of protection from cold]

   rF:        It protects you from fire.
   rC:        It protects you from cold.
   SInv:      It lets you see invisible.
   Stlth:     It makes you more stealthy.
 X - an amulet of reflection (around neck)
Wands
 t - a wand of digging (10)
 u - a wand of mindburst (14)
 v - a wand of flame (12)
 w - a wand of acid (7)
 x - a wand of iceblast (18)
 y - a wand of paralysis (6)
Scrolls
 R - a scroll of magic mapping {!r}
 T - 6 scrolls of teleportation
 U - 3 scrolls of fear
 Y - a scroll of blinking {!r}
Potions
 A - 2 potions of ambrosia
 B - 2 potions of attraction {!q}
 D - 2 potions of brilliance
 E - a potion of cancellation
 F - 5 potions of curing
 G - a potion of flight
 H - a potion of haste
 I - 4 potions of invisibility
 J - a potion of heal wounds
 K - 3 potions of magic
 N - 4 potions of might
Miscellaneous
 l - a condenser vane
 z - a box of beasts


   Skills:
 - Level 13.0(18.0) Fighting
 - Level 4.8(9.8) Axes
 - Level 4.7(9.7) Crossbows
 + Level 7.3(12.3) Throwing
 + Level 11.2(16.2) Armour
 + Level 5.6(10.6) Dodging
 * Level 7.5(12.5) Shields
 * Level 17.3(22.3) Unarmed Combat
 + Level 12.6 Invocations
 + Level 7.1 Evocations


You had 15 spell levels left.
You didn't know any spells.
Your spell library contained the following spells:

 Spells                   Type           Power      Damage    Failure   Level
 Freeze                   Ice            0%         1d3       99%         1
 Magic Dart               Conj           0%         1d3       99%         1
 Shock                    Conj/Air       0%         1d3       99%         1
 Slow                     Hex            0%         N/A       99%         1
 Sting                    Tmut/Pois      0%         1d3       99%         1
 Passwall                 Tmut/Erth      0%         N/A       100%        2
 Searing Ray              Conj           0%         2d4       100%        2
 Confusing Touch          Hex            0%         N/A       100%        3
 Conjure Flame            Conj/Fire      0%         6-21      100%        3
 Dazzling Flash           Conj/Hex       0%         N/A       100%        3
 Frozen Ramparts          Ice            0%         1d2       100%        3
 Gell's Gravitas          Tloc           0%         N/A       100%        3
 Ignite Poison            Fire/Tmut/Pois 0%         N/A       100%        3
 Portal Projectile        Hex/Tloc       0%         N/A       100%        3
 Swiftness                Air            0%         N/A       100%        3
 Teleport Other           Tloc           0%         N/A       100%        3
 Vampiric Draining        Necr           0%         2d6       100%        3
 Airstrike                Air            0%         N/A       100%        4
 Cause Fear               Hex            0%         N/A       100%        4
 Dispel Undead            Necr           0%         3d6       100%        4
 Fulminant Prism          Conj/Hex       0%         3d6       100%        4
 Hailstorm                Conj/Ice       0%         3d3       100%        4
 Passage of Golubria      Tloc           0%         N/A       100%        4
 Sticky Flame             Conj/Fire      0%         2d3       100%        4
 Agony                    Necr           0%         N/A       100%        5
 Excruciating Wounds      Necr           0%         N/A       100%        5
 Silence                  Hex/Air        0%         N/A       100%        5
 Dispersal                Tloc           0%         N/A       100%        6
 Disjunction              Tloc           0%         N/A       100%        8
 Lehudib's Crystal Spear  Conj/Erth      0%         10d2      100%        8
 Blade Hands              Tmut           Unusable   N/A       N/A         5
 Dragon Form              Tmut           Unusable   N/A       N/A         7
 Borgnjor's Revivificati  Necr           Unusable   N/A       N/A         8
 Dragon's Call            Summ           Unusable   N/A       N/A         9

Dungeon Overview and Level Annotations

Branches:
Dungeon (12/15)            Temple (1/1) D:5            Lair (6/6) D:10
  Swamp (0/4) Lair:4        Snake (0/4) Lair:3        Slime (0/5) Lair:5
    Orc (2/2) D:12            Elf (0/3) Orc:2        Bailey (visited)
  IceCv (visited)

Altars:
Ashenzari
Cheibriados
Dithmenos
Elyvilon
Fedhas
Gozag
Hepliaklqana
Kikubaaqudgha
Makhleb
Nemelex Xobeh
Okawaru
Qazlal
Ru
Sif Muna
Trog
Uskayaw
Vehumet
Wu Jian
Xom
Yredelemnul
Zin
The Shining One
Jiyva

Shops:
D:1 [   Orc:2 ??

Portals:
Abyss: D:3

Annotations:
D:9 exclusion: 2 oklob saplings
Orc:2 3 exclusions


Innate Abilities, Weirdness & Mutations

You thrive by killing the living.
You are immune to poison.
You have sharp fingernails.
Your flesh is cold resistant. (rC+)
You are immune to negative energy. (rN+++)
You do not regenerate when monsters are visible.
You are immune to unholy pain and torment.


Message History

You pummel the orc knight!!
The orc knight is almost dead.
You block the orc warrior's attack.
You completely miss the orc knight.
The orc knight is almost dead.
The orc knight completely misses you.
You punch the orc knight!
The orc knight is almost dead.
You barely miss the orc knight.
The orc knight is almost dead.
The orc warrior closely misses you.
You hit the orc knight.
You kill the orc knight!
Okawaru accepts your kill.
An orc warrior and an orc priest come into view.
The orc warrior shouts!
The orc priest shouts!
The orc warrior hits you but does no damage.
Items here: )))) [[ ††.
You pummel the orc priest!!
You kill the orc priest!
Okawaru accepts your kill.
You feel better.
You barely miss the orc warrior. You block the orc warrior's attack.
You pummel the orc warrior!!
You kill the orc warrior!
Okawaru accepts your kill.
A demonspawn, an orc warrior and an orc priest come into view.
The orc warrior shouts!
The demonspawn shouts!
You hear a shout!
Items here: )) [ †.
Items here: )))) [[ ††.
You see here a +0 dagger.
The orc warrior no longer looks unusually strong.
The orc priest calls down the wrath of Beogh upon you.
Beogh smites you!
* * * LOW HITPOINT WARNING * * *
Things that are here:
a +0 scale mail; a +0 club The orc priest mumbles some strange prayers to Beogh against you.
Beogh smites you!
You die...

#..))6o..# ##....#
##[)###..o#
#)...## ##oo## ..#
###)#### ##..## .
#.)## ##..## ##)##
##.6## ##...#
##..## ###...##
##.o## #.....#
##.@####.)).##
##...#.)...##
#...[......#
..............#
#...............#
.................#
..............#.##
...........#.####
.#.#......####


You could see a demonspawn, 2 orc warriors and an orc priest.

Vanquished Creatures
  A frost giant (IceCv)
  Nessos (Lair:5)
  A dire elephant (Lair:6)
  An eleionoma (shapeshifter) (D:11)
  10 hydras
  An ogre mage (D:12)
  2 boulder beetles (Lair:6)
  2 demonspawn (Orc:2)
  A merfolk avatar (Lair:6)
  A centaur warrior (D:11)
  9 two-headed ogres
  A tengu warrior (D:12)
  21 death yaks
  Urug (Lair:6)
  6 orc high priests
  Nergalle (Lair:4)
  A sea snake (Lair:6)
  A harpy (Lair:6)
  5 deep elf pyromancers
  6 orc knights (Orc:2)
  4 deep elf zephyrmancers
  An oklob plant (Lair:2)
  Pikel (D:8)
  An ugly thing (D:11)
  3 manticores (Lair:6)
  4 orc sorcerers (Orc:2)
  6 elephants (Lair:6)
  A cyclops (D:11)
  Maurice (D:11)
  A gargoyle (D:12)
  12 cane toads
  An ice statue (IceCv)
  2 torpor snails
  4 black mambas (Lair:6)
  An unseen horror (D:11)
  15 rime drakes
  2 kobold demonologists (Bailey)
  8 komodo dragons
  2 tengu conjurers
  6 polar bears
  A hellwing (Orc:2)
  9 trolls
  Grinder (D:5)
  A hornet (D:9)
  2 wind drakes (Lair:6)
  Prince Ribbit (D:5)
  11 blink frogs
  12 slime creatures
  6 dream sheep (Lair:6)
  2 snapping turtles (Lair:6)
  5 wyverns
  A centaur simulacrum (D:11)
  A ynoxinul (Orc:2)
  3 wraiths
  22 yaks
  2 small abominations (D:3)
  A neqoxec (Orc:2)
  A human (D:12)
  A steam dragon (D:9)
  7 vampire mosquitoes
  2 basilisks
  The ghost of Sassenached the Skirmisher, an amateur HuWn (D:3)
  3 nagas (Lair:3)
  3 wargs
  2 acid dragons
  11 water moccasins
  40 orc warriors
  2 black bears
  A necrophage (D:4)
  2 sky beasts
  10 wolves
  9 ogres
  A lemure (D:8)
  5 centaurs
  A phantom (D:5)
  2 kobold brigands
  10 bullfrogs
  A gnoll sergeant (D:7)
  9 scorpions
  A water moccasin skeleton (D:6)
  7 wights
  9 killer bees
  10 electric eels
  4 howler monkeys
  3 centaur zombies
  A lava snake (D:8)
  A bullfrog zombie (D:6)
  3 hounds
  3 jellies
  Crazy Yiuf (D:2)
  18 orc priests
  2 centaur skeletons
  A gnoll shaman (D:6)
  Jessica (D:3)
  An iguana (D:5)
  12 orc wizards
  A killer bee zombie (D:6)
  A hound skeleton (D:4)
  14 gnolls
  9 adders
  A shadow imp (D:3)
  14 white imps
  3 dart slugs
  75 orcs
  3 bats
  13 endoplasms
  6 giant cockroaches
  17 goblins
  14 hobgoblins
  3 jackals
  8 kobolds
  6 quokkas
  8 ball pythons
  2 frilled lizards
  7 rats
  A butterfly (D:5)
638 creatures vanquished.

Vanquished Creatures (others)
  An orc warrior (Orc:1)
  An orc wizard (Orc:1)
  A bush (Lair:6)
  35 fungi
  73 plants
111 creatures vanquished.

Grand Total: 749 creatures vanquished

Notes
Turn   | Place    | Note
-------+----------+-------------------------------------------
     0 | D:1      | wakim the Ghoul Fighter began the quest for the Orb.
     0 | D:1      | Reached XP level 1. HP: 19/19 MP: 0/0
   245 | D:1      | Reached XP level 2. HP: 26/26 MP: 1/1
   285 | D:1      | Found Mesiudwy's Armour Shop.
  1164 | D:2      | Reached XP level 3. HP: 21/31 MP: 2/2
  1674 | D:2      | Found a runed translucent door.
  1675 | D:2      | Noticed Crazy Yiuf
  1682 | D:2      | Killed Crazy Yiuf
  1683 | D:2      | Reached skill level 3 in Unarmed Combat
  1683 | D:2      | Reached XP level 4. HP: 37/40 MP: 3/3
  1848 | D:3      | Noticed Jessica
  1856 | D:3      | Killed Jessica
  1964 | D:3      | Noticed a small abomination
  1975 | D:3      | Found a transporter.
  1985 | D:3      | Found a one-way gate to the infinite horrors of the Abyss.
  1985 | D:3      | Noticed Sassenached's ghost (amateur HuWn)
  1986 | D:3      | Found a transporter.
  2073 | D:3      | Noticed a scorpion
  2094 | D:3      | Killed a scorpion
  2095 | D:3      | Reached XP level 5. HP: 44/46 MP: 4/4
  2306 | D:3      | Noticed a black bear
  2317 | D:3      | Killed a black bear
  2318 | D:3      | Reached skill level 4 in Unarmed Combat
  2318 | D:3      | Reached XP level 6. HP: 39/52 MP: 5/5
  2713 | D:4      | Got Sif Muna's Incunabulum of Contamination and Stolen
                  | Souls
  2934 | D:4      | Reached skill level 5 in Unarmed Combat
  2939 | D:4      | Noticed a necrophage
  3052 | D:4      | Killed a necrophage
  3053 | D:4      | Reached XP level 7. HP: 54/60 MP: 6/6
  3394 | D:5      | Entered Level 5 of the Dungeon
  3396 | D:5      | Noticed Grinder
  3514 | D:5      | Reached skill level 5 in Fighting
  3514 | D:5      | Reached skill level 6 in Unarmed Combat
  3773 | D:5      | Reached XP level 8. HP: 53/69 MP: 7/7
  3970 | D:5      | Found a staircase to the Ecumenical Temple.
  3983 | Temple   | Entered the Ecumenical Temple
  4150 | Temple   | Became a worshipper of Warmaster Okawaru
  4485 | D:5      | Reached skill level 7 in Unarmed Combat
  4485 | D:5      | Reached skill level 1 in Invocations
  4516 | D:5      | Noticed Prince Ribbit
  4550 | D:5      | Killed Prince Ribbit
  4551 | D:5      | Reached skill level 5 in Armour
  5044 | D:5      | Paralysed by Grinder for 3 turns
  5050 | D:5      | Paralysed by Grinder for 7 turns
  5145 | D:5      | Found a runed translucent door.
  5147 | D:5      | Found a runed translucent door.
  5784 | D:6      | Reached * piety under Okawaru
  5785 | D:6      | Reached skill level 8 in Unarmed Combat
  5895 | D:6      | Reached XP level 9. HP: 78/78 MP: 9/11
  6531 | D:7      | Reached skill level 9 in Unarmed Combat
  6666 | D:7      | Reached ** piety under Okawaru
  6679 | D:7      | Reached skill level 1 in Throwing
  6965 | D:7      | Reached skill level 1 in Evocations
  7431 | D:8      | Noticed a two-headed ogre
  7441 | D:8      | Killed a two-headed ogre
  7441 | D:8      | Reached *** piety under Okawaru
  7442 | D:8      | Reached skill level 10 in Unarmed Combat
  7442 | D:8      | Reached XP level 10. HP: 82/88 MP: 9/12
  7786 | D:8      | Found a burning altar of Makhleb.
  8128 | D:8      | Noticed Pikel
  8143 | D:8      | Killed Pikel
  8143 | D:8      | Reached **** piety under Okawaru
  8411 | D:3      | Killed Sassenached's ghost
  8411 | D:3      | Received a gift from Okawaru
  8673 | D:5      | Killed Grinder
  8994 | D:8      | Reached skill level 11 in Unarmed Combat
  9743 | D:9      | Received a gift from Okawaru
 10529 | D:10     | Entered Level 10 of the Dungeon
 10551 | D:10     | Reached XP level 11. HP: 40/95 MP: 13/13
 10554 | D:10     | Identified the +5 flail of Perversion {protect, rPois SInv}
 10617 | D:10     | Found a flagged portal.
 10669 | Bailey   | Entered a bailey
 10981 | Bailey   | Found an iron altar of Okawaru.
 11003 | Bailey   | Received a gift from Okawaru
 11273 | Bailey   | Acquired a +2 pair of boots of rampaging
 11878 | Bailey   | Reached ***** piety under Okawaru
 11957 | D:10     | Noticed a two-headed ogre
 11970 | D:10     | Killed a two-headed ogre
 11971 | D:10     | Reached skill level 12 in Unarmed Combat
 12001 | D:10     | Noticed a death yak
 12017 | D:10     | Noticed a death yak
 12021 | D:10     | Killed a death yak
 12021 | D:10     | Received a gift from Okawaru
 12021 | D:10     | Noticed a death yak
 12036 | D:10     | Killed a death yak
 12044 | D:10     | Noticed a death yak
 12044 | D:10     | Noticed a death yak
 12045 | D:10     | Noticed a death yak
 12047 | D:10     | Noticed a death yak
 12047 | D:10     | Noticed a death yak
 12052 | D:10     | Killed a death yak
 12165 | D:9      | HP: 2/97 [death yak (14)]
 12179 | D:9      | Killed a death yak
 12180 | D:9      | Reached skill level 5 in Throwing
 12415 | D:9      | Reached skill level 10 in Fighting
 12415 | D:9      | Reached skill level 13 in Unarmed Combat
 12415 | D:9      | Reached skill level 5 in Evocations
 12415 | D:9      | Reached XP level 12. HP: 106/106 MP: 14/14
 12448 | D:10     | Found a hazy altar of Hepliaklqana.
 12492 | D:10     | Found a staircase to the Lair.
 12633 | D:10     | Received a gift from Okawaru
 12779 | D:10     | Killed a death yak
 12786 | D:10     | Killed a death yak
 12787 | D:10     | Reached skill level 5 in Invocations
 13069 | D:10     | Killed a death yak
 13082 | D:10     | Killed a death yak
 13083 | D:10     | Reached skill level 14 in Unarmed Combat
 13083 | D:10     | Reached XP level 13. HP: 107/114 MP: 14/16
 13222 | D:10     | Found an ornate altar of the Wu Jian Council.
 13222 | D:10     | Found a sparkling altar of Nemelex Xobeh.
 13228 | D:10     | Identified the +5 spear of Annoyance {vorpal, rF+}
 13231 | D:10     | Found an ancient bone altar of Kikubaaqudgha.
 13233 | D:10     | Found a faded altar of an unknown god.
 13824 | Lair:1   | Entered Level 1 of the Lair of Beasts
 13924 | Lair:1   | Found a frozen archway.
 13960 | IceCv    | Entered an ice cave
 13982 | IceCv    | Identified the +10 arbalest of the Spectre {freeze,
                  | *Corrode rPois rC++ SInv} (Okawaru gifted it to you in an
                  | ice cave)
 13982 | IceCv    | Received a gift from Okawaru
 14477 | IceCv    | Reached skill level 15 in Unarmed Combat
 14477 | IceCv    | Reached XP level 14. HP: 124/124 MP: 17/19
 14947 | IceCv    | Reached skill level 1 in Dodging
 15086 | IceCv    | Noticed a frost giant
 15115 | IceCv    | Killed a frost giant
 15136 | IceCv    | Identified the +12 executioner's axe of Might {freeze, rC+
                  | Str+2} (Okawaru gifted it to you in an ice cave)
 15136 | IceCv    | Received a gift from Okawaru
 16441 | Lair:2   | Reached skill level 1 in Axes
 16441 | Lair:2   | Reached skill level 1 in Crossbows
 17346 | Lair:2   | Reached skill level 10 in Armour
 18244 | Lair:3   | Found a staircase to the Snake Pit.
 18556 | Lair:3   | Reached skill level 10 in Invocations
 19060 | Lair:4   | Found a staircase to the Swamp.
 19068 | Lair:4   | Reached XP level 15. HP: 131/132 MP: 21/21
 19252 | Lair:4   | Noticed Nergalle
 19261 | Lair:4   | Killed Nergalle
 19261 | Lair:4   | Received a gift from Okawaru
 19262 | Lair:4   | Reached skill level 16 in Unarmed Combat
 19280 | Lair:4   | You fall into a shaft and drop 1 floor!
 20322 | D:1      | Bought a +2 pair of gloves of strength for 258 gold pieces
 20558 | Lair:5   | Noticed Nessos
 20563 | Lair:5   | Killed Nessos
 20563 | Lair:5   | Received a gift from Okawaru
 20663 | Lair:5   | Identified the +6 dagger of Mana {flame, rC+ Str+4 Int+4}
                  | (Okawaru gifted it to you on level 5 of the Lair of Beasts)
 20663 | Lair:5   | Received a gift from Okawaru
 20811 | Lair:5   | Found a runed translucent door.
 21164 | Lair:5   | Found a viscous altar of Jiyva.
 21166 | Lair:5   | Found a staircase to the Slime Pits.
 21530 | Lair:6   | Entered Level 6 of the Lair of Beasts
 21643 | Lair:6   | Noticed Urug
 21667 | Lair:6   | Killed Urug
 22682 | Lair:6   | Reached skill level 5 in Shields
 22776 | Lair:6   | Found the ring of the Octopus King
 22783 | Lair:6   | Identified a ring of the Octopus King {Wiz AC+1 EV+1 Str+1
                  | Int+1 Dex+1}
 22979 | Lair:6   | Identified the ring "Kicrir" {rF+ rC+ SInv Stlth+}
 23166 | Lair:6   | Reached ****** piety under Okawaru
 23193 | Lair:6   | Identified the +1 plate armour of Qale {rF+ Slay+3}
                  | (Okawaru gifted it to you on level 6 of the Lair of Beasts)
 23193 | Lair:6   | Received a gift from Okawaru
 23929 | D:11     | Noticed Maurice
 23935 | D:11     | Killed Maurice
 24107 | D:11     | Reached XP level 16. HP: 141/141 MP: 23/23
 24938 | D:11     | Noticed a shadow dragon
 24938 | D:11     | an eleionoma changed into a shadow dragon
 24942 | D:11     | a shadow dragon changed into a stone giant
 25271 | D:12     | Found a staircase to the Orcish Mines.
 25525 | D:12     | Reached skill level 5 in Dodging
 26663 | Orc:1    | Entered Level 1 of the Orcish Mines
 26689 | Orc:1    | Received a gift from Okawaru
 27525 | D:12     | Reached skill level 17 in Unarmed Combat
 28131 | Orc:2    | Entered Level 2 of the Orcish Mines
 28365 | Orc:2    | Found a staircase to the Elven Halls.
 28374 | Orc:2    | Paralysed by an orc sorcerer for 5 turns
 28784 | Orc:2    | Paralysed by an orc sorcerer for 5 turns
 28999 | Orc:2    | Found Beff's Magic Scroll Boutique.
 29002 | Orc:2    | Found Winodets's Magic Scroll Shop.
 29015 | Orc:2    | Received a gift from Okawaru
 29024 | Arena    | Entered the Arena
 29105 | Orc:2    | Killed from afar by an orc priest

Illustrated notes

Levels and vault maps discovered:
D:1:      scummos_arrival_gate, layout_loops_ring, serial_aquarium,
          aquarium_bridge_long_joined [aquarium_subvault_bridge,
          aquarium_subvault_wall, aquarium_subvault_window,
          aquarium_subvault_window, aquarium_subvault_window,
          aquarium_subvault_wall], aquarium_bridge_straight
          [aquarium_subvault_bridge, aquarium_subvault_wall,
          aquarium_subvault_bridge, aquarium_subvault_wall], aquarium_window_3,
          aquarium_window_1, aquarium_window_1, aquarium_view_2e,
          aquarium_view_2b, aquarium_balcony_double_2, aquarium_pool_2,
          serial_shops, nicolae_shop_crystal
D:2:      layout_loops_cross, uniq_crazy_yiuf_cottage
D:3:      layout_rooms, gammafunk_ghost_abyssal_escape, uniq_jessica
D:4:      layout_cave_pools, minmay_fountain_box
D:5:      lemuel_insect_pit, layout_loops_corners,
          minmay_temple_entry_stoned_glass, minmay_manual_moon,
          uniq_prince_ribbit1, uniq_grinder
D:6:      layout_cave_pools
D:7:      layout_rooms
D:8:      layout_loops_corners, lemuel_tele_altar, nicolae_lava_and_water,
          minmay_diced_spiral, uniq_pikel
D:9:      layout_long_grid, introduction_to_nature_1
D:10:     layout_loops_ring, old_standard_altar,
          chequers_temple_overflow_minitemple, dpeg_lair_monsters,
          enter_bailey_3
D:11:     nzn_winding_woodlands_cross [nzn_winding_woodlands_5x15_zeroes,
          nzn_winding_woodlands_5x15_sidewinder,
          nzn_winding_woodlands_5x15_concentric,
          nzn_winding_woodlands_5x15_default,
          nzn_winding_woodlands_15x15_thick_spiral], layout_irregular_city,
          uniq_maurice
D:12:     layout_roguey, erik_orc_4, kb_tengu_band
Temple:   nicolae_temple_elliptical
Lair:1:   layout_cave_pods, portal_ice_cave_entry_imps, st_stairs_10
Lair:2:   layout_loops_ring, wad_woods_road_04
Lair:3:   layout_regular_city, minmay_snake_entry_guardpost_small
Lair:4:   layout_cave_pods, minmay_swamp_entry_eels,
          hangedman_lair_unloving_vines, grunt_megastairs_1, uniq_nergalle
Lair:5:   layout_misc_corridors, slime_altar_2, uniq_nessos
Lair:6:   gammafunk_lair_ancient_temple, layout_concentric_octagons,
          eino_small_chamber_without_monster, nzn_sisyphean_effort, uniq_kirke,
          uniq_urug
Orc:1:    layout_caves, elves_outpost_lemuel
Orc:2:    pf_orc_diabolical, layout_caves

Skill      XL: |  1  2  3  4  5  6  7  8  9 10 11 12 13 14 15 16 |
---------------+-------------------------------------------------+-----
Shields        | 3 4 5 7 |  7.5
Armour         | 3 4 5 6 7 8 9 10 11 | 11.2
Unarmed Combat | 3 4 5 6 8 10 11 13 14 15 16 17 | 17.3
Fighting       | 4 5 6 7 8 10 11 12 13 | 13.0
Invocations    | 4 5 8 10 11 12 | 12.6
Throwing       | 2 4 5 6 7 |  7.3
Evocations     | 2 3 5 6 7 |  7.1
Dodging        | 2 4 5 |  5.6
Axes           | 2 4 |  4.8
Crossbows      | 2 4 |  4.7

Action                   |  1- 3 |  4- 6 |  7- 9 | 10-12 | 13-15 | 16-18 || total
-------------------------+-------+-------+-------+-------+-------+-------++-------
Melee: Unarmed           |    86 |   129 |   321 |   546 |  1017 |   541 ||  2640
Throw: Dart              |       |     3 |   114 |    54 |    17 |     4 ||   192
       Boomerang         |       |       |       |     3 |       |       ||     3
Invok: Heroism           |       |       |     1 |     3 |     5 |     6 ||    15
       Finesse           |       |       |       |       |     3 |     4 ||     7
       Duel              |       |       |       |       |       |     1 ||     1
Evoke: Wand              |       |       |       |     1 |     7 |     1 ||     9
  Use: Scroll            |       |       |       |    12 |    14 |     1 ||    27
       Potion            |       |       |       |     3 |     1 |     1 ||     5
 Stab: Paralysed         |       |       |       |       |     3 |       ||     3
Armor: Scale mail        |    30 |       |       |       |       |       ||    30
       Plate armour      |     3 |    67 |   176 |   196 |   300 |   198 ||   940
       Chain mail        |       |       |       |       |   267 |       ||   267
Dodge: Dodged            |    31 |    33 |    59 |    96 |   273 |   101 ||   593
Block: Buckler           |     9 |    15 |   133 |   196 |   378 |       ||   731
       Reflection        |       |       |     5 |     2 |    15 |     7 ||    29
       Kite shield       |       |       |       |       |    75 |   338 ||   413

Table legend: (Time is in decaauts)
 A = Elapsed time spent in this place.
 B = Non-inter-level travel time spent in this place.
 C = Inter-level travel time spent in this place.
 D = Time resting spent in this place.
 E = Time spent auto-exploring this place.
 F = Levels seen in this place.
 G = Mean time per level.
                   A        B        C        D        E       F      G
               +--------+--------+--------+--------+--------+-----+--------+
         Total |  28569 |  25826 |   2743 |   2633 |  17803 |  24 | 1190.4 |
       Dungeon |  16396 |  14436 |   1960 |   2082 |   9339 |  12 | 1366.3 |
        Temple |    191 |    153 |     38 |      0 |    137 |   1 |  191.0 |
          Lair |   7821 |   7092 |    729 |    240 |   5686 |   6 | 1303.5 |
  Orcish Mines |   1437 |   1421 |     16 |      1 |    931 |   2 |  718.5 |
        Bailey |   1256 |   1256 |      0 |    279 |    585 |   1 | 1256.0 |
      Ice Cave |   1426 |   1426 |      0 |      0 |   1123 |   1 | 1426.0 |
         Arena |     39 |     39 |      0 |     31 |      0 |   1 |   39.0 |
               +--------+--------+--------+--------+--------+-----+--------+

Top non-repeatable levels by time:
    D:12: 2295 daAuts
     D:5: 2238 daAuts
     D:8: 2121 daAuts
    D:10: 1864 daAuts
  Lair:2: 1783 daAuts
  Lair:6: 1566 daAuts
   IceCv: 1426 daAuts
     D:3: 1289 daAuts
  Bailey: 1256 daAuts
  Lair:1: 1205 daAuts
  Lair:5: 1190 daAuts
     D:9: 1126 daAuts
  Lair:4: 1103 daAuts
     D:1: 1077 daAuts
    D:11: 1065 daAuts
